[Event "Titled Tuesday Blitz October 31 Early 2023"]
[White "Andreev, Konstantin"]
[Black "Girinath, P.D.S."]
[WhiteFideId "24239305"]
[BlackFideId "5000572"]
[WhiteElo "2565"]
[BlackElo "2366"]
[Result "0-1"]
[Round "7"]
[TimeControl "180+1"]
[Date "2023.10.31"]
[WhiteClock "0:00:03"]
[BlackClock "0:00:33"]
[Board "86"]

1. e4 c5 2. Nf3 d6 3. d4 cxd4 4. Nxd4 Nf6 5. Nc3 g6 6. Be3 Bg7 7. f3 O-O 8. Bc4 Nc6 9. Qd2 Bd7 10. O-O-O Rc8 11. Bb3 Ne5 12. Kb1 Nc4 13. Bxc4 Rxc4 14. h4 h5 15. g4 Bxg4 16. fxg4 Nxg4 17. b3 Rc5 18. Nce2 Nxe3 19. Qxe3 Qa5 20. Rhg1 Rfc8 21. c3 Qa3 22. Qc1 Qa6 23. Qb2 b5 24. b4 Rc4 25. Rg3 Qb7 26. Qc2 a5 27. a3 axb4 28. axb4 Rxb4+ 29. cxb4 Rxc2 30. Kxc2 Qxe4+ 31. Kb3 Qd5+ 32. Ka3 e5 33. Rc3 exd4 34. Rc8+ Kh7 35. Nf4 Qf5 0-1


[Site "https://www.chess.com"]

[Event "Titled Tuesday Blitz October 31 Early 2023"]
[White "Guliev, Logman"]
[Black "Pumpkin_in_moonlight"]
[WhiteFideId "13400061"]
[WhiteElo "2564"]
[BlackElo "2363"]
[Result "1-0"]
[Round "7"]
[TimeControl "180+1"]
[Date "2023.10.31"]
[WhiteClock "0:01:48"]
[BlackClock "0:00:00"]
[Board "87"]

1. e4 e5 2. Nf3 Nc6 3. Bc4 Nf6 4. d3 Bc5 5. h3 h6 6. c3 d6 7. d4 exd4 8. cxd4 Bb4+ 9. Bd2 Bxd2+ 10. Nbxd2 O-O 11. O-O d5 12. exd5 Nxd5 13. Rc1 Be6 14. a3 Qf6 15. Ne4 Qg6 16. Ng3 Rad8 17. Bd3 Qf6 18. Nh5 Qe7 19. Qe2 Qd6 20. Qe4 f5 21. Qh4 Rfe8 22. Rfe1 Bc8 23. Ne5 Nxe5 24. dxe5 Qe7 25. Qg3 Be6 26. Bc4 c6 27. Bxd5 cxd5 28. Nf6+ Kh8 29. Nxe8 Rxe8 30. Qe3 b6 31. Qd4 Rf8 32. f4 Rd8 33. Rc3 g5 34. Rec1 gxf4 35. Qxf4 Rg8 36. Qxh6+ Qh7 37. Qxe6 Qg7 38. R1c2 1-0


[Site "https://www.chess.com"]

[Event "Titled Tuesday Blitz October 31 Early 2023"]
[White "Bobomurodova, Maftuna"]
[Black "NovoselovRoman"]
[WhiteFideId "14207400"]
[WhiteElo "2360"]
[BlackElo "2544"]
[Result "0-1"]
[Round "7"]
[TimeControl "180+1"]
[Date "2023.10.31"]
[WhiteClock "0:00:00"]
[BlackClock "0:00:04"]
[Board "88"]

1. e4 d5 2. exd5 Qxd5 3. Nc3 Qd6 4. Nf3 Nf6 5. d4 c6 6. Be2 Bf5 7. O-O Nbd7 8. Nh4 Bg6 9. Nxg6 hxg6 10. g3 e6 11. Bf3 Qc7 12. Qe2 Bd6 13. a4 O-O 14. Bg5 Rfe8 15. Ne4 Nxe4 16. Qxe4 e5 17. Rae1 exd4 18. Qxd4 Be5 19. Qb4 a5 20. Qb3 Nc5 21. Qc4 Ne6 22. Bc1 Rad8 23. Bg2 Rd4 24. Qe2 Bf6 25. b3 Red8 26. Be3 R4d7 27. Qc4 Bd4 28. Bc1 Qb6 29. Bh3 Rd5 30. Bxe6 fxe6 31. Rxe6 Kh7 32. Qe2 Rf5 33. Qg4 Rdf8 34. Qxg6+ Kg8 35. Re2 Bxf2+ 36. Kg2 Qc5 37. c4 R5f6 38. Qg4 Bd4 39. Bf4 Qb4 40. Rfe1 Qxb3 41. Re7 Rxf4 42. gxf4 Qxc4 43. R1e2 Bf6 44. R7e4 Qd5 45. Qe6+ Qxe6 46. Rxe6 Kf7 47. R6e3 Rd8 48. Rb3 Rd4 49. Rxb7+ Kg6 50. Rf2 Rxa4 51. f5+ Kg5 52. Rc7 Rg4+ 53. Kf1 Rc4 54. Ra7 a4 55. Kg2 c5 56. Ra5 Rc3 57. Ra2 Kxf5 58. R2xa4 Rc2+ 59. Kf3 Rc3+ 60. Kg2 g5 61. Ra6 Bd4 62. R4a5 Kg4 63. Re6 Rc2+ 64. Kf1 Kh3 65. Rh6+ Kg4 66. Ra3 Rf2+ 67. Ke1 Rg2 68. h3+ Kf4 69. Rc6 Rg1+ 70. Ke2 Rg2+ 71. Kd1 Ke4 72. Kc1 Kd5 73. Rb6 Kc4 74. Ra4+ Kd5 75. Raa6 Rh2 76. Rd6+ Kc4 77. Rh6 g4 78. hxg4 Rxh6 0-1


[Site "https://www.chess.com"]

[Event "Titled Tuesday Blitz October 31 Early 2023"]
[White "chess123456s"]
[Black "chessculator16"]
[WhiteElo "2542"]
[BlackElo "2346"]
[Result "1/2-1/2"]
[Round "7"]
[TimeControl "180+1"]
[Date "2023.10.31"]
[WhiteClock "0:00:19"]
[BlackClock "0:01:50"]
[Board "89"]

1. e4 c6 2. d4 d5 3. e5 Bf5 4. h4 h5 5. Bd3 Bxd3 6. Qxd3 Qa5+ 7. Nd2 e6 8. Nf3 c5 9. O-O Nc6 10. dxc5 Qxc5 11. Nb3 Qb6 12. c4 Nge7 13. Bg5 Qa6 14. Rfc1 dxc4 15. Qxc4 Qxc4 16. Rxc4 Nd5 17. Nbd4 Nxd4 18. Nxd4 Be7 19. Rac1 Kd7 20. Bxe7 Kxe7 21. Nb5 Kd7 22. Nc7 Rac8 23. Nxd5 Rxc4 24. Nb6+ axb6 25. Rxc4 Ra8 26. a3 Ra5 27. f4 Rd5 28. Rc2 Rd4 29. g3 Rd3 30. Kf2 b5 31. Kg2 g6 32. Kf2 b6 33. Kg2 Rd4 34. Kf3 Rd3+ 35. Kf2 Kd8 36. Kg2 Kd7 37. Kh2 Kd8 38. Kg2 Kd7 39. Kf2 Kd8 40. Kg2 1/2-1/2


[Site "https://www.chess.com"]

[Event "Titled Tuesday Blitz October 31 Early 2023"]
[White "Malikova777"]
[Black "Omariev, Maksim"]
[BlackFideId "4193423"]
[WhiteElo "2311"]
[BlackElo "2530"]
[Result "0-1"]
[Round "7"]
[TimeControl "180+1"]
[Date "2023.10.31"]
[WhiteClock "0:00:00"]
[BlackClock "0:00:21"]
[Board "90"]

1. d4 h5 2. c4 h4 3. h3 d6 4. Nc3 e5 5. dxe5 dxe5 6. Qxd8+ Kxd8 7. Nf3 f6 8. e4 c6 9. Be3 Kc7 10. O-O-O Be6 11. Be2 Nd7 12. Kc2 g5 13. Nd2 Bc5 14. Bxc5 Nxc5 15. b4 Nd7 16. Bg4 Bxg4 17. hxg4 Ne7 18. Nf1 Nf8 19. Ne3 Ne6 20. Ne2 a5 21. b5 Nc5 22. f3 Nc8 23. Nf5 Nb6 24. bxc6 bxc6 25. Kc3 Rab8 26. Rb1 Nca4+ 27. Kc2 Nxc4 28. Rb3 Nc5 29. Rc3 Rb2+ 30. Kc1 Rxe2 31. Rxc4 Nd3+ 32. Kd1 Rxa2 33. Rc3 Nf2+ 34. Kc1 Nxh1 35. Ne3 Rb8 36. Nd5+ Kd6 37. Nxf6 Rxg2 38. Nh7 h3 39. Nxg5 h2 40. Nf7+ Ke6 41. Ng5+ Kf6 42. Nh3 Nf2 43. Rxc6+ Ke7 44. Ng5 Nd3+ 0-1


[Site "https://www.chess.com"]

[Event "Titled Tuesday Blitz October 31 Early 2023"]
[White "Tharushi, T H D Niklesha"]
[Black "Demin, Vladimir"]
[WhiteFideId "9918264"]
[BlackFideId "4167457"]
[WhiteElo "2261"]
[BlackElo "2520"]
[Result "0-1"]
[Round "7"]
[TimeControl "180+1"]
[Date "2023.10.31"]
[WhiteClock "0:00:15"]
[BlackClock "0:00:17"]
[Board "91"]

1. e4 e5 2. Nf3 Nc6 3. Bc4 Bc5 4. c3 Nf6 5. d3 a6 6. O-O Ba7 7. Bb3 O-O 8. Bc2 d5 9. Qe2 h6 10. h3 Re8 11. Nbd2 b5 12. Re1 Bc5 13. Nf1 Bf8 14. Ng3 g6 15. exd5 Nxd5 16. d4 Bg7 17. Bd2 Bb7 18. dxe5 Nxe5 19. Nxe5 Rxe5 20. Qf1 Rxe1 21. Rxe1 Qd7 22. Ne4 Bc6 23. Bc1 a5 24. Rd1 Qe7 25. Bb3 Rd8 26. Re1 a4 27. Bc2 Qd7 28. Rd1 Qc8 29. Qe1 Re8 30. Qf1 Nb6 31. Ng3 Nc4 32. b3 axb3 33. axb3 Ne5 34. c4 bxc4 35. bxc4 Qe6 36. c5 Nd7 37. Be3 Qe7 38. Qc4 Ne5 39. Qb3 Qh4 40. Rd4 Nf3+ 41. gxf3 Bxd4 42. Bxg6 Rf8 43. Nf5 Qf6 44. Bxf7+ Rxf7 45. Nxh6+ Kf8 46. Nxf7 Bxe3 47. fxe3 Qxf3 48. Qa2 Qh1+ 49. Kf2 Qg2+ 50. Ke1 Qxa2 51. Ne5 Qd5 52. Nxc6 Qxc6 53. Ke2 Qxc5 54. Kf3 Qh5+ 55. Ke4 Ke7 56. Kd4 Kd7 57. e4 Qxh3 58. e5 Qe6 59. Kc5 Qc6+ 60. Kd4 Ke6 61. Ke3 Qd5 62. Kf4 Qxe5+ 63. Kg4 c5 64. Kh4 Qf5 65. Kg3 Ke5 66. Kh4 Qg6 67. Kh3 Kf4 68. Kh4 Kf3 69. Kh3 Qh6# 0-1


[Site "https://www.chess.com"]

[Event "Titled Tuesday Blitz October 31 Early 2023"]
[White "Purtseladze, Maka"]
[Black "Kiseljova, Marya"]
[WhiteFideId "13602659"]
[BlackFideId "4155009"]
[WhiteElo "2519"]
[BlackElo "2244"]
[Result "1-0"]
[Round "7"]
[TimeControl "180+1"]
[Date "2023.10.31"]
[WhiteClock "0:00:08"]
[BlackClock "0:00:00"]
[Board "92"]

1. d4 d5 2. c4 e6 3. Nc3 c5 4. cxd5 exd5 5. Nf3 Nc6 6. g3 Nf6 7. Bg2 cxd4 8. Nxd4 Bc5 9. Nb3 Bb6 10. Bg5 d4 11. Bxf6 Qxf6 12. Nd5 Qd8 13. O-O O-O 14. Nxb6 Qxb6 15. Bxc6 Qxc6 16. Nxd4 Qb6 17. e3 Bh3 18. Re1 Qxb2 19. Qb3 Qxb3 20. axb3 a6 21. f3 h5 22. Kf2 Rac8 23. Rec1 Rxc1 24. Rxc1 Rc8 25. Rb1 Kf8 26. g4 hxg4 27. Kg3 f5 28. Nxf5 Rc2 29. fxg4 Bg2 30. Nd4 Rd2 31. Rc1 Bd5 32. Rc7 Rg2+ 33. Kh3 Rb2 34. Rd7 Bg2+ 35. Kg3 Kg8 36. h4 Bf1 37. Nf5 Rg2+ 38. Kf4 g6 39. Nh6+ Kf8 40. Kg5 Be2 41. Rxb7 Rg3 42. Kf4 Rf3+ 43. Ke4 Rg3 44. Rb8+ Kg7 45. g5 Bf3+ 46. Kf4 Rh3 47. Rg8+ Kh7 48. Rf8 Kg7 49. Rf7+ Kh8 50. e4 Bh5 51. Rf8+ Kg7 52. Rg8+ Kh7 53. Ra8 Rxh4+ 54. Ke5 Bf3 55. Ra7+ Kh8 56. Kf6 Bxe4 57. Rxa6 Rf4+ 58. Ke5 1-0


[Site "https://www.chess.com"]

[Event "Titled Tuesday Blitz October 31 Early 2023"]
[White "MIM06"]
[Black "Estrada Nieto, Julian"]
[BlackFideId "5101018"]
[WhiteElo "2205"]
[BlackElo "2519"]
[Result "0-1"]
[Round "7"]
[TimeControl "180+1"]
[Date "2023.10.31"]
[WhiteClock "0:00:00"]
[BlackClock "0:00:08"]
[Board "93"]

1. e4 e5 2. Nf3 Nc6 3. Bb5 a6 4. Ba4 Nf6 5. d3 d6 6. c3 g6 7. O-O Bg7 8. Re1 O-O 9. d4 exd4 10. Bxc6 bxc6 11. cxd4 Bg4 12. h3 Bxf3 13. Qxf3 Re8 14. Nc3 Rb8 15. Bg5 h6 16. Bh4 g5 17. Bg3 Rxb2 18. e5 dxe5 19. dxe5 Nd5 20. Rad1 Qe7 21. Nxd5 cxd5 22. Rxd5 Rxa2 23. Red1 Qe6 24. Rd7 Ra1 25. Rxc7 Rxd1+ 26. Qxd1 Bxe5 27. Bxe5 Qxe5 28. Ra7 Qe1+ 29. Qxe1 Rxe1+ 30. Kh2 Ra1 31. Kg3 Ra2 32. f4 Kg7 33. fxg5 hxg5 34. h4 gxh4+ 35. Kxh4 Kg6 36. g4 a5 37. Ra6+ Kg7 38. Kg5 a4 39. Ra7 Ra1 40. Kf4 a3 41. Kg3 Kg6 42. Ra5 a2 43. Kg2 f6 44. Kh2 Kh6 45. Kg2 Kg6 46. Kh2 Kf7 47. Ra6 Ke7 48. Kg2 Kd7 49. Kh2 Kc7 50. Kg2 Kb7 51. Ra3 Kb6 52. Kh2 Kb5 53. Ra8 Kc4 54. Kg2 Kd4 55. Kh2 Ke4 56. Ra4+ Ke3 57. Kg2 Ke2 58. Kh2 Kf3 0-1


[Site "https://www.chess.com"]

[Event "Titled Tuesday Blitz October 31 Early 2023"]
[White "Reprintsev, Alexander"]
[Black "Semenova, Alina"]
[WhiteFideId "14100541"]
[BlackFideId "24113875"]
[WhiteElo "2514"]
[BlackElo "2171"]
[Result "1-0"]
[Round "7"]
[TimeControl "180+1"]
[Date "2023.10.31"]
[WhiteClock "0:00:51"]
[BlackClock "0:00:10"]
[Board "94"]

1. e4 e6 2. d4 d5 3. Nc3 Bb4 4. Ne2 Nf6 5. e5 Nfd7 6. a3 Bxc3+ 7. Nxc3 O-O 8. g3 c5 9. dxc5 Nxe5 10. f4 Ned7 11. Be3 Nc6 12. b4 a6 13. Bg2 Qf6 14. Ne2 Re8 15. O-O Nf8 16. Nd4 Bd7 17. Nxc6 Bxc6 18. Bd4 Qe7 19. Qd2 f6 20. Rae1 Qc7 21. Qc3 Nd7 22. Qb3 Rad8 23. Bb2 Nf8 24. h3 Ng6 25. Kh2 e5 26. fxe5 fxe5 27. h4 e4 28. h5 Nh4 29. Qe3 Nxg2 30. Kxg2 Rf8 31. Bd4 Bd7 32. Qg5 Be6 33. h6 g6 34. Rf6 Bf5 35. Rf1 e3 36. R1xf5 e2 37. Rxg6+ 1-0


[Site "https://www.chess.com"]

[Event "Titled Tuesday Blitz October 31 Early 2023"]
[White "Lehtosaari, Mauri"]
[Black "Samarth J Rao"]
[WhiteFideId "501999"]
[BlackFideId "46652370"]
[WhiteElo "2509"]
[BlackElo "2124"]
[Result "1-0"]
[Round "7"]
[TimeControl "180+1"]
[Date "2023.10.31"]
[WhiteClock "0:01:15"]
[BlackClock "0:01:07"]
[Board "95"]

1. d4 d5 2. Nf3 Nf6 3. Bg5 Ne4 4. Bf4 c5 5. e3 Nc6 6. c3 c4 7. Nbd2 Bf5 8. Nh4 Bg6 9. Nxg6 hxg6 10. Nxe4 dxe4 11. Bxc4 e6 12. Qb3 Qd7 13. d5 exd5 14. Bxd5 Na5 15. Qd1 g5 16. Bg3 O-O-O 17. Bxe4 Qb5 18. Qg4+ Rd7 19. Bf5 Qxb2 20. Bxd7+ 1-0


[Site "https://www.chess.com"]

[Event "Titled Tuesday Blitz October 31 Early 2023"]
[White "Deuterio010"]
[Black "Golizadeh, Asghar"]
[BlackFideId "12505269"]
[WhiteElo "2458"]
[BlackElo "2756"]
[Result "0-1"]
[Round "7"]
[TimeControl "180+1"]
[Date "2023.10.31"]
[WhiteClock "0:00:11"]
[BlackClock "0:00:38"]
[Board "96"]

1. e4 c5 2. Nf3 e6 3. b3 a6 4. Bb2 Nc6 5. c4 Nf6 6. e5 Ng4 7. h3 Nh6 8. Be2 d6 9. exd6 Qxd6 10. d4 cxd4 11. Nxd4 Nxd4 12. Qxd4 Qxd4 13. Bxd4 Nf5 14. Bc3 Bc5 15. Nd2 Bd4 16. Rc1 Bxc3 17. Rxc3 Ke7 18. g4 Nd4 19. Bf1 Rd8 20. Bg2 Ra7 21. Nf3 b6 22. Ne5 f6 23. Nd3 Bb7 24. Bxb7 Rxb7 25. Nf4 Rbd7 26. Rh2 g5 27. Nh5 e5 28. Ng3 Ke6 29. Ne4 Nc6 30. Rc1 Rd3 31. Ke2 h5 32. f3 h4 33. Rhh1 R3d7 34. Rhd1 Nd4+ 35. Kf2 Rc8 36. c5 Rdc7 37. b4 bxc5 38. Rxc5 Rxc5 39. Nxc5+ Kd5 40. Rd2 a5 41. Ne4 axb4 42. Nxf6+ Ke6 43. Ne4 Rf8 44. Nxg5+ Kd5 45. Ke3 Ra8 46. f4 Ra3+ 47. Rd3 exf4+ 48. Kd2 Rxa2+ 49. Kc1 Kc4 50. Rd1 b3 51. Ne4 Rc2+ 52. Kb1 Nb5 53. Nd2+ Kb4 0-1


[Site "https://www.chess.com"]

[Event "Titled Tuesday Blitz October 31 Early 2023"]
[White "Lee, Jun Hyeok"]
[Black "Rosh Jain"]
[WhiteFideId "13202340"]
[BlackFideId "25789465"]
[WhiteElo "2623"]
[BlackElo "2433"]
[Result "0-1"]
[Round "7"]
[TimeControl "180+1"]
[Date "2023.10.31"]
[WhiteClock "0:00:06"]
[BlackClock "0:00:18"]
[Board "97"]

1. d4 Nf6 2. c4 e6 3. Nf3 d5 4. Nc3 c5 5. cxd5 Nxd5 6. e4 Nxc3 7. bxc3 cxd4 8. cxd4 Bb4+ 9. Bd2 Bxd2+ 10. Qxd2 O-O 11. h4 h5 12. Bd3 Nc6 13. e5 Qa5 14. Rc1 Qxd2+ 15. Kxd2 Bd7 16. Ke3 Rac8 17. Be4 Rc7 18. Rc5 Rfc8 19. Rhc1 Kf8 20. d5 exd5 21. Bxd5 Nb4 22. Kd4 Rxc5 23. Rxc5 Nc2+ 24. Rxc2 Rxc2 25. Ng5 Rxf2 26. Bxb7 f6 27. exf6 gxf6 28. Ne4 Rxa2 29. Nxf6 Bg4 30. Ke5 a5 31. Kf4 Kg7 32. Nxg4 Ra4+ 33. Kg5 Rxg4+ 34. Kxh5 Rg3 35. Bc6 Kf6 36. Kh6 Rg4 37. Kh5 Rg3 38. Kh6 a4 39. h5 a3 40. Bd5 Rg5 41. Ba2 Rxg2 42. Bb3 a2 43. Bxa2 Rxa2 44. Kh7 Rh2 45. h6 Kg5 46. Kg8 Rxh6 47. Kg7 Rf6 48. Kh8 Kg6 49. Kg8 Rf1 50. Kh8 Rf8# 0-1


[Site "https://www.chess.com"]

[Event "Titled Tuesday Blitz October 31 Early 2023"]
[White "Bashirli, Saadat"]
[Black "Leyva Proenza, Richard"]
[WhiteFideId "13429990"]
[BlackFideId "3500985"]
[WhiteElo "2406"]
[BlackElo "2591"]
[Result "1/2-1/2"]
[Round "7"]
[TimeControl "180+1"]
[Date "2023.10.31"]
[WhiteClock "0:00:05"]
[BlackClock "0:00:07"]
[Board "98"]

1. e4 e5 2. Nf3 Nc6 3. Bc4 Bc5 4. c3 Nf6 5. d3 a6 6. Bb3 Ba7 7. Nbd2 O-O 8. Nf1 d5 9. exd5 Nxd5 10. Ng3 Nf4 11. Bxf4 exf4 12. Ne4 Na5 13. O-O Nxb3 14. axb3 f5 15. Neg5 h6 16. Nh3 g5 17. Ne5 Qf6 18. d4 c5 19. Re1 cxd4 20. cxd4 Be6 21. Ra4 Rad8 22. f3 b5 23. Rxa6 Rxd4 24. Qe2 Re4+ 25. Rxa7 Rxe2 26. Rxe2 Bxb3 27. Nf2 Qb6 28. Re7 Bc4 29. Nxc4 bxc4 30. R2e6 Qd4 31. Rg6+ Kh8 32. Rxh6+ Kg8 33. Rg6+ Kh8 34. Rh6+ Kg8 35. Rg6+ Kh8 36. Rh6+ 1/2-1/2


[Site "https://www.chess.com"]

[Event "Titled Tuesday Blitz October 31 Early 2023"]
[White "UK_23"]
[Black "Aaditya Dhingra"]
[BlackFideId "25678191"]
[WhiteElo "2395"]
[BlackElo "2569"]
[Result "1-0"]
[Round "7"]
[TimeControl "180+1"]
[Date "2023.10.31"]
[WhiteClock "0:00:29"]
[BlackClock "0:00:00"]
[Board "99"]

1. e4 c5 2. Nf3 e6 3. g3 Nc6 4. Bg2 Nf6 5. Qe2 e5 6. Nc3 g6 7. Nd5 Bg7 8. O-O O-O 9. d3 h6 10. c4 d6 11. a3 Bg4 12. Be3 Nxd5 13. cxd5 Nd4 14. Bxd4 exd4 15. h3 Bd7 16. b4 Rc8 17. bxc5 Rxc5 18. Qb2 Qc8 19. Kh2 Rc2 20. Qb4 Rc3 21. Rfd1 Qc5 22. Qxb7 Ba4 23. Rf1 Rxd3 24. h4 Rb3 25. Qa6 Bb5 26. Qa5 Bxf1 27. Qxc5 dxc5 28. Rxf1 d3 29. e5 c4 30. Rd1 c3 31. Rxd3 c2 32. Rxb3 c1=Q 33. d6 Qc5 34. Re3 Rd8 35. h5 g5 36. Bh3 Bf8 37. d7 Qc4 38. Bf5 Bc5 39. Re4 Qc2 40. Kh3 Qxf2 41. Kg4 Be7 42. e6 fxe6 43. Rxe6 Rxd7 44. Rg6+ Kf8 45. Bxd7 Qc2 46. Bf5 Qc4+ 47. Kh3 Qf1+ 48. Kg4 Bc5 49. Re6 Qc4+ 50. Re4 Qf1 51. Ne5 Bxa3 52. Ng6+ Kf7 53. Be6+ Kf6 54. Re3 Qd1+ 55. Kh3 Qxh5+ 56. Kg2 Qxg6 57. Bg4 Qc2+ 58. Re2 Qc6+ 59. Bf3 Qd7 60. Rf2 Kg7 61. g4 Bc5 62. Re2 Qe7 63. Re4 Qd7 64. Re2 Qd6 65. Re4 a5 66. Re2 Bb4 67. Re4 a4 68. Re2 a3 69. Be4 a2 70. Kf3 Qe6 71. Rd2 a1=Q 72. Rd7+ 1-0


[Site "https://www.chess.com"]

[Event "Titled Tuesday Blitz October 31 Early 2023"]
[White "Kiremitciyan, Ari"]
[Black "Kahlert, Thomas"]
[WhiteFideId "6373445"]
[BlackFideId "4625242"]
[WhiteElo "2554"]
[BlackElo "2395"]
[Result "1-0"]
[Round "7"]
[TimeControl "180+1"]
[Date "2023.10.31"]
[WhiteClock "0:00:15"]
[BlackClock "0:00:44"]
[Board "100"]

1. Nf3 Nf6 2. b3 g6 3. Bb2 Bg7 4. g3 O-O 5. Bg2 c5 6. c4 Nc6 7. O-O d6 8. e3 Bd7 9. Qe2 e5 10. Nc3 Re8 11. Ng5 h6 12. Nge4 Nxe4 13. Bxe4 Be6 14. Nd5 f5 15. Bg2 e4 16. Bxg7 Kxg7 17. d3 exd3 18. Qxd3 Ne5 19. Qc3 Bxd5 20. Bxd5 Qf6 21. Kg2 Re7 22. Rad1 Rd8 23. Rd2 b6 24. Rfd1 Red7 25. h3 Nf7 26. Qc2 Ng5 27. h4 Ne6 28. Bc6 Rc7 29. Bf3 Rcd7 30. Rd5 Nc7 31. R5d3 Ne6 32. Qe2 g5 33. hxg5 hxg5 34. Rh1 Rh8 35. Rxh8 Kxh8 36. Bd5 Ng7 37. Rd1 Kh7 38. Rh1+ Kg6 39. Qc2 Re7 40. a3 g4 41. Rh4 Nh5 42. Rxg4+ Kh6 43. Rh4 Rg7 44. Kf1 Qa1+ 45. Ke2 Rg5 46. Bf3 Qxa3 47. Qc3 Qa2+ 48. Kf1 Qb1+ 49. Kg2 Kg6 50. Qh8 Nf6 51. Qh6+ Kf7 52. Qxg5 1-0


[Site "https://www.chess.com"]

[Event "Titled Tuesday Blitz October 31 Early 2023"]
[White "Antonio, Jorge Carlos"]
[Black "Golubev, Mikhail"]
[WhiteFideId "113190"]
[BlackFideId "14100983"]
[WhiteElo "2325"]
[BlackElo "2552"]
[Result "1/2-1/2"]
[Round "7"]
[TimeControl "180+1"]
[Date "2023.10.31"]
[WhiteClock "0:01:06"]
[BlackClock "0:00:17"]
[Board "101"]

1. d4 g6 2. e4 Bg7 3. Nf3 d6 4. c4 Bg4 5. Nc3 Nc6 6. Be3 Bxf3 7. gxf3 e5 8. dxe5 dxe5 9. Qxd8+ Rxd8 10. Nd5 Nd4 11. Bxd4 exd4 12. Nxc7+ Kd7 13. Nd5 Ne7 14. Bd3 Nxd5 15. exd5 Bf8 16. a3 a5 17. h4 h5 18. f4 Bd6 19. Ke2 Bxf4 20. c5 b6 21. b4 bxc5 22. bxc5 Rb8 23. Rab1 Rhc8 24. Kf3 Bh6 1/2-1/2


[Site "https://www.chess.com"]

[Event "Titled Tuesday Blitz October 31 Early 2023"]
[White "Avalos Parra, Joao"]
[Black "sjoerd893"]
[WhiteFideId "3402541"]
[WhiteElo "2355"]
[BlackElo "2521"]
[Result "0-1"]
[Round "7"]
[TimeControl "180+1"]
[Date "2023.10.31"]
[WhiteClock "0:00:00"]
[BlackClock "0:00:06"]
[Board "102"]

1. d4 d5 2. c4 c6 3. Nf3 Nf6 4. Nc3 e6 5. Bg5 h6 6. Bxf6 Qxf6 7. e3 Nd7 8. Be2 dxc4 9. Bxc4 g6 10. O-O Bg7 11. a4 O-O 12. a5 e5 13. Qb3 exd4 14. Nxd4 Ne5 15. Be2 Rb8 16. Ne4 Qe7 17. Rfc1 Bg4 18. Bf1 Kh7 19. h3 Bd7 20. Nc5 b6 21. axb6 axb6 22. Na6 Rb7 23. g3 c5 24. Bg2 Ra7 25. Nb5 Bxb5 26. Qxb5 Qf6 27. Ra4 Nf3+ 28. Bxf3 Qxf3 29. b4 Rd8 30. bxc5 Rad7 31. Rd4 Bxd4 32. exd4 Rxd4 33. Rf1 Rd1 34. Qb3 Qxb3 0-1


[Site "https://www.chess.com"]

[Event "Titled Tuesday Blitz October 31 Early 2023"]
[White "Babarsik1977"]
[Black "Ekdyshman, Mikhail"]
[BlackFideId "4149416"]
[WhiteElo "2323"]
[BlackElo "2509"]
[Result "0-1"]
[Round "7"]
[TimeControl "180+1"]
[Date "2023.10.31"]
[WhiteClock "0:00:55"]
[BlackClock "0:00:17"]
[Board "103"]

1. e4 c5 2. Nc3 g6 3. f4 Bg7 4. Nf3 Nc6 5. Bc4 e6 6. d3 Nge7 7. O-O d5 8. Bb3 O-O 9. Qe1 Nd4 10. Nxd4 cxd4 11. Ne2 dxe4 12. dxe4 d3 13. Nc3 Nc6 14. Be3 Nb4 15. Rd1 b6 16. a3 Nc6 17. Rxd3 Qe7 18. Rd2 Ba6 19. Rf3 Bxc3 20. bxc3 Na5 21. Bd4 f6 22. Qh4 Bc4 23. e5 Bxb3 24. cxb3 Nxb3 25. exf6 Qxa3 26. Rh3 Rf7 27. Re2 Nxd4 28. cxd4 Qa1+ 29. Re1 Qxd4+ 30. Kh1 Qxf6 31. Qg4 Qf5 32. Qf3 Raf8 33. g3 Qxh3 0-1


[Site "https://www.chess.com"]

[Event "Titled Tuesday Blitz October 31 Early 2023"]
[White "Heinemann, Josefine"]
[Black "Harriott, Tyrell"]
[WhiteFideId "12900460"]
[BlackFideId "2086484"]
[WhiteElo "2508"]
[BlackElo "2319"]
[Result "1-0"]
[Round "7"]
[TimeControl "180+1"]
[Date "2023.10.31"]
[WhiteClock "0:00:24"]
[BlackClock "0:00:00"]
[Board "104"]

1. e4 d5 2. exd5 Nf6 3. d4 Qxd5 4. c4 Qe4+ 5. Be3 e5 6. Nc3 Bb4 7. d5 Bxc3+ 8. bxc3 Ng4 9. Qd3 Bf5 10. Qxe4 Bxe4 11. Bc1 Bg6 12. Nf3 Nd7 13. Ba3 O-O-O 14. Be2 f5 15. O-O h6 16. c5 Rde8 17. Rab1 f4 18. Rb2 Ngf6 19. c4 Ne4 20. c6 bxc6 21. dxc6 Nb6 22. c5 Na4 23. Ba6+ Kd8 24. Rd1+ Ke7 25. Rb7 Rd8 26. Rxc7+ Kf6 27. Re1 Nexc5 28. Bf1 Rhe8 29. Rxa7 Ra8 30. Rxa8 Rxa8 31. Rc1 Ne6 32. c7 Nb6 33. Bd6 Nc8 34. Bxe5+ Kf7 35. Bc4 Ke7 36. Bb3 Kd7 37. Nd4 Nxd4 38. Bxd4 Bf5 39. Bxg7 h5 40. Be5 Nb6 41. Bxf4 Bg4 42. f3 Bf5 43. Kf2 Nc8 44. h3 Be6 45. Rd1+ Ke7 46. Re1 1-0


[Site "https://www.chess.com"]

[Event "Titled Tuesday Blitz October 31 Early 2023"]
[White "HeroRubiksCube"]
[Black "Fominykh, Maria"]
[BlackFideId "4142411"]
[WhiteElo "2504"]
[BlackElo "2285"]
[Result "1-0"]
[Round "7"]
[TimeControl "180+1"]
[Date "2023.10.31"]
[WhiteClock "0:00:14"]
[BlackClock "0:00:00"]
[Board "105"]

1. e4 e6 2. d3 d5 3. Nd2 dxe4 4. dxe4 e5 5. Ngf3 Nd7 6. Bc4 Be7 7. O-O Ngf6 8. Qe2 O-O 9. Bb3 c6 10. Nc4 Qc7 11. Bg5 b5 12. Ne3 Nc5 13. Bxf6 Bxf6 14. Nf5 Bxf5 15. exf5 e4 16. Nd2 Bxb2 17. Rab1 Bd4 18. Rfe1 Rae8 19. Nf1 Qf4 20. Red1 Rd8 21. Ng3 Rd6 22. c3 Be5 23. Rxd6 Bxd6 24. Rd1 Be5 25. Qc2 h5 26. Nf1 Qxf5 27. Ne3 Qf4 28. g3 Qf3 29. Rf1 h4 30. Qd1 Qxd1 31. Rxd1 hxg3 32. hxg3 Bxc3 33. Bc2 f5 34. Rd6 Rc8 35. Nxf5 Kf7 36. Bd1 Be5 37. Bh5+ Kf8 38. Rd1 Nd3 39. Be2 Rd8 40. f3 Nc5 41. Rxd8+ Kf7 42. fxe4 Nxe4 43. Bh5+ g6 44. Nh6+ Ke7 45. Rd1 gxh5 46. Re1 Bd4+ 47. Kg2 Kd6 48. Rxe4 Bg7 49. Nf5+ Kd5 50. Re1 Bf6 51. Rd1+ Ke5 52. Ne3 c5 53. Kf3 c4 54. Rd5+ Ke6 55. Rxb5 c3 56. Nc2 Be7 57. Rxh5 Kf6 58. Ra5 Bb4 59. Nxb4 Ke6 60. Nc2 Kd6 61. Ke4 Kc6 62. Rd5 Kb6 63. g4 a5 64. g5 a4 65. g6 a3 66. g7 Kc6 67. g8=Q Kb6 68. Qe6+ 1-0


[Site "https://www.chess.com"]

[Event "Titled Tuesday Blitz October 31 Early 2023"]
[White "Pinero Rodriguez, Carlos Jose"]
[Black "De Souza, Cristiano Gomes"]
[WhiteFideId "3901726"]
[BlackFideId "2151758"]
[WhiteElo "2493"]
[BlackElo "2260"]
[Result "1-0"]
[Round "7"]
[TimeControl "180+1"]
[Date "2023.10.31"]
[WhiteClock "0:02:34"]
[BlackClock "0:02:07"]
[Board "106"]

1. e4 c5 2. Nf3 d6 3. d4 cxd4 4. Nxd4 Nf6 5. Nc3 g6 6. Be3 Bg7 7. f3 O-O 8. Bc4 Nc6 9. Bb3 Bd7 10. Qd2 Rc8 11. O-O-O Ne5 12. Kb1 Nc4 13. Bxc4 Rxc4 14. h4 h5 15. g4 Qa5 16. g5 Nh7 17. Nd5 Qxd2 18. Nxe7+ Kh8 19. Rxd2 Bc6 20. Nexc6 bxc6 21. b3 Rb4 22. Nxc6 Rb7 23. Rxd6 f6 24. f4 fxg5 25. hxg5 1-0


[Site "https://www.chess.com"]

[Event "Titled Tuesday Blitz October 31 Early 2023"]
[White "Kotlyar, Kirill"]
[Black "Panda Sambit"]
[WhiteFideId "24145599"]
[BlackFideId "25091794"]
[WhiteElo "2468"]
[BlackElo "2487"]
[Result "1-0"]
[Round "7"]
[TimeControl "180+1"]
[Date "2023.10.31"]
[WhiteClock "0:00:18"]
[BlackClock "0:00:00"]
[Board "107"]

1. d4 d5 2. Bf4 e6 3. c3 Bd6 4. e3 c5 5. Bxd6 Qxd6 6. Nd2 Nc6 7. f4 Nge7 8. Bd3 O-O 9. Ngf3 f6 10. O-O Bd7 11. a3 a5 12. Bc2 b5 13. Nb3 c4 14. Nc5 Be8 15. g4 e5 16. fxe5 fxe5 17. Nh4 Bg6 18. Nxg6 Nxg6 19. Qe2 e4 20. Rxf8+ Rxf8 21. Rf1 Nce5 22. Bd1 Nf3+ 23. Kh1 Nge5 24. Qg2 Nh4 25. Qg1 Nef3 26. Qf2 Rf6 27. Qg3 Qf8 28. Nd7 Qd8 29. Nxf6+ Qxf6 30. Qb8+ Kf7 31. Qb7+ Ke6 32. Qc6+ Ke7 33. Qxd5 Qg6 34. h3 h5 35. Bc2 hxg4 36. Qxe4+ Qxe4 37. Bxe4 Ng5 38. Bc6 g3 39. Rg1 Nf5 40. e4 Nxh3 41. exf5 Nxg1 42. Kxg1 1-0


[Site "https://www.chess.com"]